 Dungeon Crawl Stone Soup version 0.28-a0-643-g84cb2ea78e (webtiles) character file.

Game seed: 7970280032831473743

837 lawman0 the Chopper (level 7, 0/87 HPs)
             Began as a Palentonga Berserker on Oct 10, 2021.
             Was a Priest of Trog.
             Succumbed to a killer bee's poison
             ... on level 5 of the Dungeon.
             The game lasted 00:04:17 (5169 turns).

lawman0 the Chopper (Palentonga Berserker)          Turns: 5169, Time: 00:04:18

Health: 0/87       AC: 12    Str: 22    XL:     7   Next: 66%
Magic:  7/7        EV:  4    Int:  8    God:    Trog [***...]
Gold:   161        SH:  0    Dex:  9    Spells: 6/6 levels left

rFire   . . .      SeeInvis +   d - +0 war axe
rCold   . . .      Faith    .   (no shield)
rNeg    . . .      Spirit   .   m - +0 plate armour
rPois   .          Reflect  .   (no helmet)
rElec   .          Harm     .   l - +0 cloak
rCorr   .          Rampage  .   b - +1 pair of gloves
Will    .....                   (no barding)
Stlth   ..........              (no amulet)
HPRegen 0.24/turn               (no ring)
MPRegen 0.10/turn               (no ring)

@: berserking (expiring), lethally poisoned (0 -> -4), very quick
A: large, rugged brown scales 3, see invisible, deformed body, roll 1, armoured
tail, reflexive curl
a: Rolling Charge, Renounce Religion, Berserk, Trog's Hand


You were on level 5 of the Dungeon.
You worshipped Trog.
Trog was most pleased with you.
You visited 1 branch of the dungeon, and saw 6 of its levels.

You collected 197 gold pieces.
You spent 36 gold pieces at shops.

Inventory:

Hand Weapons
 d - a +0 war axe (weapon)
Missiles
 n - a boomerang
Armour
 b - a +1 pair of gloves (worn)
 l - a +0 cloak (worn)
 m - a +0 plate armour (worn)
Scrolls
 a - a scroll of acquirement {unknown}
 f - a scroll of fear
 h - 2 scrolls of silence
 i - a scroll of brand weapon {unknown}
 k - 2 scrolls of noise {unknown}
 o - 3 scrolls of teleportation {unknown}
Potions
 c - 4 potions of curing
 e - a potion of lignification
 g - a potion of resistance {unknown}
 j - a potion of attraction {unknown}
 p - a potion of cancellation
 q - a potion of haste {unknown}


   Skills:
 + Level 4.3 Fighting
 * Level 7.7 Axes
 + Level 3.0 Armour
 + Level 2.1 Dodging
 + Level 0.4 Stealth


You had 6 spell levels left.
You didn't know any spells.
Your spell library was empty.

Dungeon Overview and Level Annotations

Branches:
Dungeon (6/15)             Temple (0/1) D:4

Altars:
Dithmenos
Makhleb
Qazlal
Ru

Shops:
D:3 !

Annotations:
D:6 Maggie


Innate Abilities, Weirdness & Mutations

You are completely covered in rugged brown scales. (AC +3, +7% HP)
You have supernaturally acute eyesight. (SInv)
Armour fits poorly on your strangely shaped body.
You can roll at nearby foes to attack.
You have a long armoured tail.
You curl defensively after being hit.


Message History

The killer bee barely misses you.
The killer bee stings you but does no damage.
You are too injured to fight recklessly!
You barely miss the killer bee.
The killer bee is moderately wounded.
The killer bee stings you.
* * * LOW HITPOINT WARNING * * *
You are poisoned.
The killer bee poisons you! The killer bee stings you.
* * * LOW HITPOINT WARNING * * *
The killer bee stings you but does no damage.
You closely miss the killer bee.
The killer bee is moderately wounded.
You feel sick. The killer bee stings you.
* * * LOW HITPOINT WARNING * * *
The killer bee stings you.
* * * LOW HITPOINT WARNING * * *
Unknown command.
A red film seems to cover your vision as you go berserk!
You feel yourself moving faster!
You feel mighty!
You feel sick. The killer bee stings you.
* * * LOW HITPOINT WARNING * * *
You are lethally poisoned!
The killer bee poisons you!
The killer bee stings you but does no damage.
You slash the killer bee!
You kill the killer bee!
Trog accepts your kill.
* * * LOW HITPOINT WARNING * * *
You feel sick.
Your Armour skill increases to level 3!
You are too berserk!
* * * LOW HITPOINT WARNING * * *
You feel sick.
There is a stone staircase leading down here.
You see here a killer bee corpse.
You feel a strong urge to attack something.
* * * LOW HITPOINT WARNING * * *
You feel sick.
You die...

.............#.......'..†........
.............#.......#...........
.[...........#.......#...........
.............#.......#...........
##+##..#######.......#...####.##.
....#..##..........###...####'###
....#...#..........+.............
....#...'..........#.............
....#...#.......@..#.............
.......##..........#+########..##
#####.......#####>........###+###
#.......# #.........#......
#.......# #.........#......
#.......# #.........#......
#.......# #.........#######
######### ###########


There were no monsters in sight!

Vanquished Creatures
  2 sky beasts (D:5)
  A necrophage (D:5)
  An ogre (D:5)
  A scorpion (D:4)
  A killer bee (D:5)
  3 hounds
  A jelly (D:2)
  A centaur skeleton (D:4)
  A bullfrog skeleton (D:6)
  2 orc wizards (D:3)
  A killer bee zombie (D:6)
  A hound zombie (D:5)
  4 adders
  An ufetubus (D:5)
  2 worms
  2 dart slugs
  7 orcs
  7 ball pythons
  4 bats
  6 endoplasms
  2 giant cockroaches
  8 goblins
  4 hobgoblins
  5 kobolds
  5 quokkas
  4 frilled lizards
  5 rats
82 creatures vanquished.

Vanquished Creatures (others)
  4 plants (D:4)
4 creatures vanquished.

Grand Total: 86 creatures vanquished

Notes
Turn   | Place    | Note
-------+----------+-------------------------------------------
     0 | D:1      | lawman0 the Palentonga Berserker began the quest for the
                  | Orb.
     0 | D:1      | Reached XP level 1. HP: 19/19 MP: 1/1
   194 | D:1      | Reached XP level 2. HP: 15/25 MP: 2/2
  1054 | D:1      | Reached XP level 3. HP: 30/31 MP: 3/3
  1297 | D:2      | Reached skill level 4 in Axes
  1399 | D:2      | Noticed an ogre
  1641 | D:2      | Reached XP level 4. HP: 33/37 MP: 4/4
  1884 | D:2      | Reached ** piety under Trog
  2052 | D:2      | Found a faded altar of an unknown god.
  2199 | D:3      | Reached skill level 5 in Axes
  2199 | D:3      | Reached XP level 5. HP: 43/43 MP: 5/5
  2241 | D:3      | Found a stormy altar of Qazlal.
  2408 | D:3      | Found Doimo's Distillery.
  2421 | D:3      | Bought a potion of curing for 36 gold pieces
  2667 | D:3      | Found a shadowy altar of Dithmenos.
  2667 | D:3      | Found a burning altar of Makhleb.
  3348 | D:4      | Found a sacrificial altar of Ru.
  3408 | D:4      | Found a staircase to the Ecumenical Temple.
  3629 | D:4      | Reached skill level 6 in Axes
  3629 | D:4      | Reached XP level 6. HP: 43/51 MP: 6/6
  3814 | D:5      | Entered Level 5 of the Dungeon
  3920 | D:5      | Noticed a sky beast
  3927 | D:5      | Killed a sky beast
  4050 | D:5      | Noticed a sky beast
  4060 | D:5      | Killed a sky beast
  4060 | D:5      | Reached *** piety under Trog
  4226 | D:5      | Reached skill level 7 in Axes
  4226 | D:5      | Gained mutation: You curl defensively after being hit.
                  | [Palentonga growth]
  4226 | D:5      | Reached XP level 7. HP: 56/57 MP: 7/7
  4914 | D:6      | Noticed Maggie
  5166 | D:5      | HP: 4/85 [poisoned by a killer bee]
  5168 | D:5      | HP: 1/87 [poisoned by a killer bee]
  5169 | D:5      | Succumbed to a killer bee's poison

Illustrated notes

Levels and vault maps discovered:
D:1:      nzn_arrival_water_spiral, layout_loops_ring
D:2:      layout_basic, basic_ecumenical_altar
D:3:      layout_loops_ring, grunt_qazlal_sundering,
          gammafunk_temple_overflow_statue, serial_shops, shop
D:4:      wander_river, layout_loops_cross, mainiacjoe_overflow_chevrons,
          minmay_temple_entry_mini_moons, amethyst_killhole
D:5:      layout_gridville
D:6:      layout_basic, gammafunk_ghost_cemetery, uniq_duvessa, uniq_eustachio,
          uniq_maggie

Skill      XL: |  1  2  3  4  5  6  7 |
---------------+----------------------+-----
Axes           | 4 5 6 7 |  7.7
Dodging        | 2 |  2.1
Armour         | 2 3 |  3.0
Fighting       | 4 |  4.3
Stealth        | |  0.4

Action                   |  1- 3 |  4- 6 |  7- 9 || total
-------------------------+-------+-------+-------++-------
Melee: Hand axe          |    80 |    77 |       ||   157
       Tailslap          |    16 |    11 |     6 ||    33
       War axe           |       |    64 |    65 ||   129
Invok: Berserk           |     1 |     3 |     2 ||     6
  Use: Scroll            |     2 |     3 |     1 ||     6
 Stab: Sleeping          |     1 |       |       ||     1
Armor: Animal skin       |    24 |    19 |       ||    43
       Leather armour    |       |     3 |       ||     3
       Plate armour      |       |    64 |    74 ||   138
       Skin              |       |     3 |       ||     3
Dodge: Dodged            |    35 |    39 |    29 ||   103

Table legend: (Time is in decaauts)
 A = Elapsed time spent in this place.
 B = Non-inter-level travel time spent in this place.
 C = Inter-level travel time spent in this place.
 D = Time resting spent in this place.
 E = Time spent auto-exploring this place.
 F = Levels seen in this place.
 G = Mean time per level.
                   A        B        C        D        E       F      G
               +--------+--------+--------+--------+--------+-----+--------+
         Total |   5280 |   5064 |    216 |    768 |   3492 |   6 |  880.0 |
       Dungeon |   5280 |   5064 |    216 |    768 |   3492 |   6 |  880.0 |
               +--------+--------+--------+--------+--------+-----+--------+

Top non-repeatable levels by time:
     D:1: 1392 daAuts
     D:5: 1019 daAuts
     D:4: 880 daAuts
     D:3: 841 daAuts
     D:2: 778 daAuts
     D:6: 368 daAuts
